 Dungeon Crawl Stone Soup version 0.29-a0-340-g6efceafd81 (webtiles) character file.

Game seed: 17218592618254857413

4 spiderkeys the Skirmisher (level 1, -3/19 HPs)
             Began as a Ghoul Abyssal Knight on Apr 20, 2022.
             Was a Believer of Lugonu.
             Slain by a gnoll
             ... wielding a +0 club
              (8 damage)
             ... on level 1 of the Dungeon.
             The game lasted 00:00:18 (209 turns).

spiderkeys the Skirmisher (Ghoul Abyssal Knight)     Turns: 209, Time: 00:00:19

Health: -3/19      AC:  3    Str: 16    XL:     1   Next: 60%
Magic:  1/1        EV: 11    Int:  5    God:    Lugonu [**....]
Gold:   14         SH:  0    Dex:  9    Spells: 0/0 levels left

rFire   . . .      SeeInvis .   a - +1 hand axe
rCold   + . .      Faith    .   (no shield)
rNeg    + + +      Spirit   .   b - +0 leather armour
rPois   ∞          Reflect  .   (no helmet)
rElec   .          Harm     .   (no cloak)
rCorr   .          Rampage  .   (no gloves)
Will    .....                   (no boots)
Stlth   +.........              (no amulet)
HPRegen 0.00/turn               (no ring)
MPRegen 0.07/turn               (no ring)

@: inhibited regen
A: claws 1, cold resistance 1, negative energy resistance 3, inhibited
regeneration, torment resistance 2, devour on kill
a: Renounce Religion, Depart the Abyss, Bend Space


You were on level 1 of the Dungeon.
You worshipped Lugonu.
Lugonu was pleased with you.
You visited 1 branch of the dungeon, and saw 1 of its levels.
You visited the Abyss 1 time.

You collected 14 gold pieces.


Innate Abilities, Weirdness & Mutations

You are immune to poison.
You have sharp fingernails.
Your flesh is cold resistant. (rC+)
You are immune to negative energy. (rN+++)
You do not regenerate when monsters are visible.
You are immune to unholy pain and torment.
You thrive by killing the living.


   Skills:
 + Level 3.3 Fighting
 + Level 1.8 Axes
 + Level 1.8 Armour
 - Level 1.0 Dodging
 + Level 2.1 Invocations


You couldn't memorise any spells.
You didn't know any spells.
Your spell library contained the following spells:

 Spells                   Type           Power      Damage    Failure   Level
 Tukima's Dance           Hex            0%         N/A       89%         3
 Passage of Golubria      Tloc           0%         N/A       100%        4
 Yara's Violent Unravell  Hex/Tmut       0%         3d3       100%        5

Inventory:

Hand Weapons
 a - a +1 hand axe (weapon)
Armour
 b - a +0 leather armour (worn)
Scrolls
 c - a scroll of enchant weapon {unknown}
Potions
 d - a potion of heal wounds {unknown}

Dungeon Overview and Level Annotations

Branches:
Dungeon (1/15)

Altars:

#.# #.# #....# #.#
#....# #.# #....#
#.# #....# #.#
##....#### #.#
.........
#####.######....####
#...†.......@g......
#.##.###.###########
#.##..##.##
#.###.##..#
##+###'###+##
#...#...#...#
#...#≈.≈#..≈#
#...#≈.≈#.≈≈#
#...#≈.≈#§≈≈#


You could see a gnoll.


Message History

🤖 Initializing magus.rc ...
Options error: Bad monster_list_colour key: strict_neutral (~/.crawlrc:5438) ✅ Successfully initialized magus.rc [v1.11.3] Welcome, spiderkeys the Ghoul Abyssal Knight.
Everyone else who sought the Orb of Zot has failed.
Will you be different?
Lugonu says: Depart the Abyss and spread corruption, my servant! (use the ability menu to exit the Abyss) Press ? for a list of commands and other information.
Found a corrupted altar of Lugonu.
Found a gateway leading out of the Abyss.
There is a gateway leading out of the Abyss here.
You pass through the gate.
There is a staircase leading out of the dungeon here.
You pick up Great Wizards, Vol.
VII and begin reading...
You add the spells Tukima's Dance, Passage of Golubria and Yara's Violent Unravelling to your library.
You now have 14 gold pieces.
Key pressed, stopping explore.
c - a scroll labelled SIAMUYMAAK You open the door.
There is an open door here.
A ball python comes into view.
The ball python hisses angrily.
The ball python completely misses you. The ball python grabs you.
The ball python constricts you. The ball python bites you.
The ball python constricts you. 😕 HP[-3]
You take 3 damage, and now have 16/19 hp.
You hit the ball python.
You kill the ball python!
Lugonu accepts your kill.
You feel better. 😕 HP[+2]
You regained 2 hp, and now have 18/19 hp.
No target in view!
No target in view!
A rat comes into view. 😎 HP[+1]
Your hp is fully restored (19).
A rat is nearby!
A rat is nearby!
A rat is nearby!
A giant cockroach comes into view.
The rat closely misses you.
You closely miss the rat. The rat barely misses you.
You slash the rat!
You kill the rat!
Lugonu accepts your kill.
You hit the giant cockroach but do no damage.
The giant cockroach bites you but does no damage.
The giant cockroach misses you.
You hit the giant cockroach. You claw the giant cockroach.
You kill the giant cockroach!
Lugonu accepts your kill.
Training target 1.0 for Dodging reached!
Your Dodging skill increases to level 1!
No target in view!
No target in view!
d - a sapphire potion You see here a ball python corpse.
You see here a ball python corpse.
Key pressed, stopping explore.
A gnoll comes into view. It is wielding a +0 club.
The gnoll shouts!
A bat comes into view.
The bat barely misses you.
The gnoll hits you with a +0 club. 😮 HP[-5]
You take 5 damage, and now have 14/19 hp.
MASSIVE DAMAGE!! (PAUSE)
You closely miss the gnoll. You hit the bat. The bat barely misses you.
The gnoll completely misses you.
You hit the gnoll. The bat closely misses you.
The gnoll hits you with a +0 club.
* * * LOW HITPOINT WARNING * * *
😨 HP[-5]
You take 5 damage, and now have 9/19 hp.
MASSIVE DAMAGE!! (PAUSE)
You hit the gnoll but do no damage. The bat hits you but does no damage.
The gnoll hits you with a +0 club.
* * * LOW HITPOINT WARNING * * *
😨 HP[-1]
You take 1 damage, and now have 8/19 hp.
You hit the gnoll. You hit the bat.
You kill the bat!
Lugonu accepts your kill. The gnoll hits you with a +0 club.
* * * LOW HITPOINT WARNING * * *
😨 HP[-3]
You take 3 damage, and now have 5/19 hp.
You hit the gnoll. The gnoll hits you but does no damage.
The gnoll hits you with a +0 club!
You die...

Skill      XL: |  1 |
---------------+----+-----
Dodging        | 1 |  1.0
Fighting       | |  3.3
Axes           | |  1.8
Armour         | |  1.8
Invocations    | |  2.1

Action                   || total
-------------------------++-------
Melee: Hand axe          ||    10
       Punch             ||     1
Armor: Leather armour    ||     3
Dodge: Dodged            ||     8

Levels and vault maps discovered:
D:1:      lightli_arrival_quake, layout_basic

Notes
Turn   | Place    | Note
-------+----------+-------------------------------------------
     0 | Abyss:1  | spiderkeys the Ghoul Abyssal Knight began the quest for the
                  | Orb.
     0 | Abyss:1  | Reached XP level 1. HP: 19/19 MP: 1/1
     0 | Abyss:1  | magus.rc [v1.11.3]
   108 | Abyss:1  | Noticed a flying skull
   111 | D:1      | You pass through the gate.
   111 | D:1      | Escaped the Abyss
   117 | D:1      | You add the spells Tukima's Dance, Passage of Golubria and
                  | Yara's Violent Unravelling to your library.
   178 | D:1      | Reached skill level 1 in Dodging
   209 | D:1      | Slain by a gnoll

Vanquished Creatures
  A bat (D:1)
  A giant cockroach (D:1)
  A ball python (D:1)
  A rat (D:1)
4 creatures vanquished.

Table legend:
 A = Non-vault XP
 B = Vault XP
 C = Vault XP percentage of total XP
 D = Non-vault monster count
 E = Vault monster count
 F = Vault count percentage of total count
                 A         B        C        D         E       F
            +---------+---------+-------+---------+---------+-------
      Total |       6 |       0 |   0.0 |       4 |       0 |   0.0
            +---------+---------+-------+---------+---------+-------
        D:1 |       6 |       0 |   0.0 |       4 |       0 |   0.0
            +---------+---------+-------+---------+---------+-------

Illustrated notes

Table legend:
 A = Kills in this place as a percentage of kills in entire the game.
 B = Kills by you in this place as a percentage of kills by you in the entire game.
 C = Kills by friends in this place as a percentage of kills by friends in the entire game.
 D = Other kills in this place as a percentage of other kills in the entire game.
 E = Experience gained in this place as a percentage of experience gained in the entire game.
 F = Experience gained in this place divided by the number of levels of this place that you have seen.
                   A       B       C       D       E      F
               +-------+-------+-------+-------+-------+----------------------
         Total | 100.0 | 100.0 |   N/A |   N/A | 100.0 |   3.0
       Dungeon | 100.0 | 100.0 |   N/A |   N/A | 100.0 |   6.0
               +-------+-------+-------+-------+-------+----------------------

Table legend: (Time is in decaauts)
 A = Elapsed time spent in this place.
 B = Non-inter-level travel time spent in this place.
 C = Inter-level travel time spent in this place.
 D = Time resting spent in this place.
 E = Time spent auto-exploring this place.
 F = Levels seen in this place.
 G = Mean time per level.
                   A        B        C        D        E       F      G
               +--------+--------+--------+--------+--------+-----+--------+
         Total |    210 |    210 |      0 |      0 |    177 |   2 |  105.0 |
       Dungeon |     99 |     99 |      0 |      0 |     75 |   1 |   99.0 |
         Abyss |    111 |    111 |      0 |      0 |    102 |   1 |  111.0 |
               +--------+--------+--------+--------+--------+-----+--------+

Top non-repeatable levels by time:
 Abyss:1: 111 daAuts
     D:1: 99 daAuts
